 Dungeon Crawl Stone Soup version 0.27-a0-789-g6bb3289e1e (webtiles) character file.

Game seed: 15194603166593250521

5926 polve the Transmogrifier (level 10, -3/126 HPs)
             Began as a Red Draconian Transmuter on Mar 26, 2021.
             Was an Initiate of Ashenzari.
             Succumbed to a hornet's poison
             ... on level 9 of the Dungeon.
             The game lasted 00:25:19 (12429 turns).

polve the Transmogrifier (DrTm)                    Turns: 12429, Time: 00:25:20

Health: -3/126     AC: 29    Str: 18    XL:     10   Next: 53%
Magic:  15/20      EV:  2    Int: 17    God:    Ashenzari [......]
Gold:   923        SH:  0    Dex: 14    Spells: 0/23 levels left

rFire    + . .     SeeInvis .     - Unarmed
rCold    . . .     Faith    .   y - +0 buckler
rNeg     + + +     Spirit   .   (armour unavailable)
rPois    +         Reflect  .   (helmet currently unavailable)
rElec    +         Harm     .   (cloak currently unavailable)
rCorr    .         Rampage  .   (gloves currently unavailable)
Will     .....     NoTele   +   (boots currently unavailable)
Stlth    +.........             o - amulet of the acrobat
HPRegen  0.31/turn              F - ring of the Gloaming {rElec rF+ Str+6 Dex+2}
MPRegen  0.17/turn              g - +4 ring of protection

@: confused, lethally poisoned (-3 -> -16), tree-form, ambrosia-drunk, slowed,
very slow
A: stationary, stasis, torment immunity, boosted hp, (breathe fire), AC +7,
unfitting armour, (fire resistance 1), (cold-blooded)
a: Renounce Religion, Curse Item, Shatter the Chains


You were on level 9 of the Dungeon.
You worshipped Ashenzari.
Ashenzari was noncommittal.
You were a tree.
You visited 2 branches of the dungeon, and saw 11 of its levels.

You collected 923 gold pieces.

Inventory:

Armour
 b - the cursed scarf of Ashenzari's Mutualism (melded) {repulsion, Alch, Comp}
   (You found it on level 1 of the Dungeon)

   It has a curse which improves the following skills: Alchemy: Poison Magic and
   Transmutations.
   Companions: Summonings and Necromancy.
 c - a +2 pair of boots (melded)
 y - a +0 buckler (worn)
Jewellery
 e - a ring of positive energy
 g - a +4 ring of protection (left branch)
 k - a ring of flight
 o - an amulet of the acrobat (around neck)
 q - a ring of wizardry
 r - an amulet of guardian spirit
 F - the ring of the Gloaming (right branch) {rElec rF+ Str+6 Dex+2}
   (You found it on level 8 of the Dungeon)

   [ring of strength]

   It affects your strength (+6).
   It affects your dexterity (+2).
   It protects you from fire.
   It insulates you from electricity.
 J - a ring of magical power
Wands
 m - a wand of flame (19)
 s - a wand of mindburst (35)
 t - a wand of polymorph (9)
 w - a wand of paralysis (8)
Scrolls
 d - 2 scrolls of blinking
 j - 6 scrolls of teleportation
 p - a scroll of fog
 u - 2 scrolls of identify
 v - a scroll of fear
 A - a scroll of enchant armour
 B - 3 scrolls of summoning
 G - a scroll of holy word
 I - 2 scrolls of enchant weapon
Potions
 a - a potion of mutation
 f - a potion of flight
 h - a potion of lignification
 i - a potion of brilliance
 l - a potion of berserk rage
 z - 3 potions of might
 C - a potion of magic
 D - a potion of attraction
 H - a potion of invisibility


   Skills:
 - Level 6.7 Fighting
 - Level 1.7 Dodging
 - Level 4.0 Shields
 - Level 3.0 Unarmed Combat
 + Level 7.3 Spellcasting
 - Level 2.0 Conjurations
 - Level 2.0 Translocations
 - Level 10.7 Transmutations
 - Level 2.0 Ice Magic
 - Level 2.0 Air Magic
 - Level 2.0 Poison Magic


You couldn't memorise any spells.
You knew the following spells:

 Your Spells              Type           Power      Damage    Failure   Level
a - Blade Hands           Tmut           21%        N/A       3%          5
b - Blink                 Tloc           N/A        N/A       8%          2
c - Spider Form           Tmut/Pois      13%        N/A       2%          3
d - Mephitic Cloud        Conj/Pois/Air  13%        N/A       16%         3
e - Ice Form              Ice/Tmut       27%        N/A       9%          4
f - Beastly Appendage     Tmut           84%        N/A       1%          1
g - Ignite Poison         Fire/Tmut/Pois 20%        N/A       6%          3
w - Wereblood             Tmut           42%        N/A       1%          2

Your spell library contained the following spells:

 Spells                   Type           Power      Damage    Failure   Level
 Magic Dart               Conj           52%        1d5       4%          1
 Petrify                  Tmut/Erth      24%        N/A       12%         4
 Call Imp                 Summ           6%         N/A       17%         2
 Slow                     Hex            6%         N/A       17%         2
 Sublimation of Blood     Necr           3%         N/A       17%         2
 Conjure Flame            Conj/Fire      9%         6-21      22%         3
 Alistair's Intoxication  Tmut/Pois      18%        N/A       22%         5
 Irradiate                Conj/Tmut      13%        3d17      22%         5
 Eringya's Noxious Bog    Tmut/Pois      13%        N/A       77%         6
 Metabolic Englaciation   Hex/Ice        4%         N/A       91%         5
 Freezing Cloud           Conj/Ice/Air   6%         6-21      100%        6
 Simulacrum               Ice/Necr       4%         N/A       100%        6
 Ozocubu's Refrigeration  Ice            6%         4d6       100%        7


Dungeon Overview and Level Annotations

Branches:
Dungeon (10/15)            Temple (1/1) D:6            Lair (0/6) D:9
    Orc (0/2) D:10

Altars:
Ashenzari
Cheibriados
Dithmenos
Elyvilon
Fedhas
Gozag
Hepliaklqana
Kikubaaqudgha
Makhleb
Nemelex Xobeh
Okawaru
Qazlal
Ru
Sif Muna
Trog
Uskayaw
Vehumet
Wu Jian
Xom
Yredelemnul
Zin
The Shining One

Annotations:
D:7 2 transporters


Innate Abilities, Weirdness & Mutations

You are a tree.
Your roots penetrate the ground, keeping you stationary.
You cannot be teleported.
You are immune to unholy pain and torment.
Your maximum health is greatly increased.
Your equipment is partially melded.
((You can breathe blasts of fire.))
((Your fiery red scales are hard. (AC +7)))
You cannot fit into any form of body armour.
((Your flesh is heat resistant. (rF+)))
((You are cold-blooded and may be slowed by cold attacks.))


Message History

Your +2 pair of boots unmelds from your body.
Your hands turn into razor-sharp scythe blades.
Your +0 buckler melds into your body.
You feel sick.
The hornet stings you but does no damage.
The hornet stings you.
* * * LOW HITPOINT WARNING * * *
You are more poisoned.
You feel as though you will be slow longer.
You feel much better.
You feel extremely sick. The hornet completely misses you.
The hornet closely misses you. The hornet barely misses you.
You closely miss the hornet.
The hornet is lightly wounded.
You feel sick. The hornet stings you.
You are more poisoned.
You feel as though you will be slow longer.
The hornet stings you.
You are more poisoned.
You feel as though you will be slow longer.
You hit the hornet.
The hornet is moderately wounded.
* * * LOW HITPOINT WARNING * * *
You feel extremely sick. The hornet barely misses you.
The hornet stings you but does no damage.
Really quaff the potion of lignification?
Your hands revert to their normal proportions.
Your +0 buckler unmelds from your body.
You turn into a tree.
The cursed scarf of Ashenzari's Mutualism {repulsion, Alch, Comp} melds into your body.
Your +2 pair of boots melds into your body.
The haze of the repulsion field disappears.
Your roots penetrate the ground.
You feel sick. The hornet stings you.
* * * LOW HITPOINT WARNING * * *
You are more poisoned.
The hornet stings you but does no damage.
Your magical contamination has completely faded away.
You are confused.
You feel invigorated.
You die...

######## #......#
##########.####.#
#..........# #.#
#.#############.############
#.######...................#
)...............♣y...#####.#
#.######.######...##.# #.#
...#####.# ###.##.# #.#
.........# #.##.# #.#
...#..<..# #.##.# #.#
).....[..# #.##.# #.#
####.....# #.##.# #.# ##
##...## #.##.# #.###### .#
##.## #.##.## #......#


You could see a hornet.

Vanquished Creatures
  A two-headed ogre (D:7)
  Pikel (D:6)
  9 yaks
  3 wargs
  An acid dragon (D:9)
  2 sky beasts
  5 orc warriors
  2 necrophages
  2 ogres (D:6)
  3 lemures (D:6)
  2 centaurs (D:7)
  2 kobold brigands
  2 bullfrogs
  13 killer bees
  2 scorpions (D:5)
  A water moccasin skeleton (D:6)
  4 howler monkeys
  A centaur zombie (D:6)
  3 jellies
  5 orc priests
  3 hounds
  2 iguanas
  9 orc wizards
  A howler monkey zombie (D:8)
  4 adders
  4 gnolls (D:8)
  2 shadow imps
  A white imp (D:3)
  3 dart slugs
  25 orcs
  8 ball pythons
  5 endoplasms
  2 giant cockroaches
  12 goblins
  9 hobgoblins
  10 jackals
  8 kobolds
  3 quokkas
  8 bats
  A frilled lizard (D:2)
  7 rats
191 creatures vanquished.

Vanquished Creatures (others)
  An orc wizard (D:3)
  2 plants (D:9)
3 creatures vanquished.

Grand Total: 194 creatures vanquished

Notes
Turn   | Place    | Note
-------+----------+-------------------------------------------
     0 | D:1      | polve the Draconian Transmuter began the quest for the Orb.
     0 | D:1      | Reached XP level 1. HP: 16/16 MP: 3/3
   553 | D:1      | Found a glowing golden altar of the Shining One.
   630 | D:1      | Reached XP level 2. HP: 19/23 MP: 3/5
   718 | D:1      | Reached skill level 3 in Transmutations
  1240 | D:1      | Learned a level 2 spell: Wereblood
  1243 | D:1      | Learned a level 2 spell: Blink
  1346 | D:2      | Reached XP level 3. HP: 28/28 MP: 6/6
  1664 | D:2      | Reached skill level 1 in Translocations
  2309 | D:3      | Reached XP level 4. HP: 34/35 MP: 7/7
  2474 | D:3      | Reached skill level 4 in Transmutations
  2908 | D:3      | Reached XP level 5. HP: 24/40 MP: 8/8
  2933 | D:3      | Reached skill level 5 in Transmutations
  3535 | D:4      | Noticed a necrophage
  3564 | D:4      | Killed a necrophage
  3565 | D:4      | Reached XP level 6. HP: 35/47 MP: 9/9
  3569 | D:4      | Reached skill level 6 in Transmutations
  4156 | D:4      | Learned a level 3 spell: Spider Form
  4244 | D:5      | Entered Level 5 of the Dungeon
  4308 | D:5      | Noticed a sky beast
  4330 | D:5      | Killed a sky beast
  4331 | D:5      | Reached skill level 1 in Poison Magic
  4469 | D:5      | Your scales start taking on a fiery red colour.
  4469 | D:5      | Reached XP level 7. HP: 46/52 MP: 8/10
  4469 | D:5      | Gained mutation: Your flesh is heat resistant. (rF+) [Red
                  | Draconian growth]
  4532 | D:5      | Reached skill level 7 in Transmutations
  4536 | D:5      | Learned a level 3 spell: Mephitic Cloud
  5144 | D:5      | Reached skill level 1 in Conjurations
  5144 | D:5      | Reached skill level 1 in Air Magic
  5357 | D:6      | Reached skill level 1 in Shields
  5384 | D:6      | Reached XP level 8. HP: 8/59 MP: 11/13
  6154 | D:6      | Noticed Pikel
  6169 | D:6      | Killed Pikel
  6170 | D:6      | Reached skill level 8 in Transmutations
  6177 | D:6      | Learned a level 4 spell: Ice Form
  6709 | D:6      | Found a staircase to the Ecumenical Temple.
  6719 | Temple   | Entered the Ecumenical Temple
  7145 | Temple   | Became a worshipper of Ashenzari the Shackled
  7145 | Temple   | Identified a scroll of acquirement
  7146 | Temple   | Acquired 415 gold pieces
  7623 | D:7      | Noticed a two-headed ogre
  7652 | D:7      | Killed a two-headed ogre
  7653 | D:7      | Reached XP level 9. HP: 24/64 MP: 14/18
  7858 | D:7      | Learned a level 5 spell: Blade Hands
  8094 | D:7      | Found a transporter.
  8199 | D:7      | Found a transporter.
  8202 | D:7      | Noticed a kobold demonologist
  8203 | D:7      | Noticed a kobold demonologist
  8378 | D:7      | Reached skill level 9 in Transmutations
  9712 | D:8      | Identified the ring of the Gloaming {rElec rF+ Str+6 Dex+2}
  9756 | D:8      | Found a hide-covered altar of Uskayaw.
 10026 | D:8      | Reached skill level 10 in Transmutations
 10401 | D:8      | Reached skill level 1 in Ice Magic
 11162 | D:9      | Found a staircase to the Lair.
 11165 | D:9      | Reached XP level 10. HP: 70/80 MP: 11/19
 11207 | D:9      | Reached skill level 5 in Fighting
 12022 | D:10     | Entered Level 10 of the Dungeon
 12298 | D:9      | Learned a level 3 spell: Ignite Poison
 12403 | D:10     | Found a staircase to the Orcish Mines.
 12428 | D:9      | HP: 1/126 [hornet (6)]
 12429 | D:9      | Succumbed to a hornet's poison

Illustrated notes

Levels and vault maps discovered:
D:1:      dpeg_arrival_tiny_i, layout_loops_ring, tso_metal_star
D:2:      layout_basic, minmay_distorted
D:3:      layout_loops_ring, minmay_unequal
D:4:      layout_rooms
D:5:      layout_basic, okawaru_altar_gauntlet_db
D:6:      layout_loops_ring, minmay_temple_entry_poolview, minmay_ogre_servants,
          uniq_pikel
D:7:      gammafunk_wand_slinger, layout_cave_pods
D:8:      layout_gridville, nicolae_uskayaw_suspiria, hangedman_decor_points
D:9:      layout_loops_ring, erik_lair_orcish_takeover
D:10:     minmay_smoke_and_mirrors, layout_long_grid, erik_orc_4,
          bh_walls_and_bars
Temple:   roderic_octagonal_lattice_temple

Skill      XL: |  1  2  3  4  5  6  7  8  9 10 |
---------------+-------------------------------+-----
Transmutations | 3 4 5 6 7 8 10 | 10.7
Translocations | 1 2 |  2.0
Poison Magic   | 1 2 |  2.0
Spellcasting   | 3 6 7 |  7.3
Conjurations   | 1 2 |  2.0
Air Magic      | 1 2 |  2.0
Shields        | 2 4 |  4.0
Fighting       | 4 6 |  6.7
Ice Magic      | 2 |  2.0
Dodging        | |  1.7
Unarmed Combat | |  3.0

Action                   |  1- 3 |  4- 6 |  7- 9 | 10-12 || total
-------------------------+-------+-------+-------+-------++-------
Melee: Unarmed           |   137 |   266 |   360 |   107 ||   870
       Headbutt          |     6 |    13 |    23 |     2 ||    44
       Tailslap          |    10 |    23 |    38 |    12 ||    83
       Kick              |     4 |    23 |    30 |     3 ||    60
       Punch             |       |       |     4 |       ||     4
 Cast: Beastly Appendage |    10 |    12 |    12 |     1 ||    35
       Wereblood         |       |       |    11 |     3 ||    14
       Spider Form       |       |       |     3 |       ||     3
       Blade Hands       |       |       |    12 |     6 ||    18
Invok: Curse Item        |       |       |     1 |       ||     1
 Abil: Breathe Fire      |       |       |    10 |     2 ||    12
       End Transformatio |       |       |     2 |       ||     2
  Use: Potion            |       |     1 |     4 |     4 ||     9
       Scroll            |       |       |     1 |       ||     1
Armor: Skin              |    42 |   140 |   182 |    40 ||   404
Dodge: Dodged            |   116 |   222 |   285 |    83 ||   706
       Repelled          |       |       |       |     2 ||     2
Block: Buckler           |       |       |    34 |    10 ||    44

Table legend: (Time is in decaauts)
 A = Elapsed time spent in this place.
 B = Non-inter-level travel time spent in this place.
 C = Inter-level travel time spent in this place.
 D = Time resting spent in this place.
 E = Time spent auto-exploring this place.
 F = Levels seen in this place.
 G = Mean time per level.
                   A        B        C        D        E       F      G
               +--------+--------+--------+--------+--------+-----+--------+
         Total |  12373 |  12043 |    330 |    247 |  10166 |  11 | 1124.8 |
       Dungeon |  11929 |  11614 |    315 |    247 |   9757 |  10 | 1192.9 |
        Temple |    443 |    428 |     15 |      0 |    409 |   1 |  443.0 |
               +--------+--------+--------+--------+--------+-----+--------+

Top non-repeatable levels by time:
     D:6: 1758 daAuts
     D:8: 1708 daAuts
     D:9: 1609 daAuts
     D:3: 1467 daAuts
     D:7: 1408 daAuts
     D:1: 1250 daAuts
     D:5: 1075 daAuts
     D:2: 1032 daAuts
     D:4: 471 daAuts
  Temple: 443 daAuts
    D:10: 148 daAuts
